 Dungeon Crawl Stone Soup version 0.29.1-1-gd02db6906a (webtiles) character file.

Game seed: 6458710920748766568

389 H0rd4k the Insei (level 6, -3/38 HPs)
             Began as an Octopode Transmuter on Oct 17, 2022.
             Was an Initiate of Gozag.
             Succumbed to a water moccasin's poison
             ... on level 5 of the Dungeon.
             The game lasted 00:04:28 (5942 turns).

H0rd4k the Insei (Octopode Transmuter)              Turns: 5942, Time: 00:04:28

Health: -3/38      AC:  2    Str:  9    XL:     6   Next: 79%
Magic:  8/10       EV: 20    Int: 18    God:    Gozag
Gold:   291        SH:  0    Dex: 17    Spells: 7/11 levels left

rFire   . . .      SeeInvis .     - Unarmed
rCold   . . .      Faith    .   (shield currently unavailable)
rNeg    . . .      Spirit   .   (helmet currently unavailable)
rPois   x          Reflect  .   e - amulet of regeneration
rElec   .          Harm     .   (no ring)
rCorr   .          Rampage  .   (no ring)
Will    .....                   (no ring)
Stlth   +++.......              (no ring)
HPRegen 0.92/turn               (no ring)
MPRegen 0.12/turn               (no ring)
                                (no ring)
                                (no ring)

@: lethally poisoned (-3 -> -30), spider-form (expiring)
A: venomous fangs, almost no armour, (amphibious), 8 rings, tiny, (camouflage
1), (gelatinous body 1), (nimble swimmer 1), (tentacles)
a: End Transformation, Renounce Religion, Potion Petition, Call Merchant, Bribe
Branch


You were on level 5 of the Dungeon.
You worshipped Gozag.
Gozag was aware of your devotion.
You were a venomous arachnid creature.
You visited 2 branches of the dungeon, and saw 6 of its levels.

You collected 347 gold pieces.
You paid 56 gold pieces to Gozag.

Inventory:

Armour
 j - an orb of guile
Jewellery
 e - an amulet of regeneration (around neck)
Wands
 o - a wand of polymorph (3)
Scrolls
 b - a scroll of immolation {unknown}
 f - a scroll of teleportation {unknown}
 g - 3 scrolls of butterflies {unknown}
 h - 4 scrolls of vulnerability {unknown}
 i - 6 scrolls of identify {unknown}
 k - 2 scrolls of amnesia {unknown}
 l - a scroll of torment {unknown}
 p - a scroll of summoning {unknown}
Potions
 a - 4 potions of lignification
 c - 6 potions of curing {unknown}
 d - a potion of berserk rage {unknown}
 m - a potion of attraction {unknown}
Miscellaneous
 n - a box of beasts


   Skills:
 + Level 1.5 Fighting
 + Level 2.8 Dodging
 + Level 4.3 Stealth
 + Level 5.2 Unarmed Combat
 * Level 3.1 Spellcasting
 * Level 2.4 Transmutations
 + Level 0.4 Poison Magic


You had 7 spell levels left.
You knew the following spells:

 Your Spells              Type           Power      Damage    Failure   Level
a - Beastly Appendage     Tmut           22%        N/A       17%         1
b - Spider Form           Tmut/Pois      7%         N/A       47%         3

Your spell library contained the following spells:

 Spells                   Type           Power      Damage    Failure   Level
 Wereblood                Tmut           11%        N/A       22%         2
 Summon Guardian Golem    Hex/Summ       2%         N/A       65%         3
 Ice Form                 Ice/Tmut       7%         N/A       85%         4
 Olgreb's Toxic Radiance  Pois           4%         N/A       92%         4
 Orb of Destruction       Conj           1%         9d5       100%        7
 Ozocubu's Refrigeration  Ice            1%         4d7       100%        7
 Spellforged Servitor     Conj/Summ      1%         N/A       100%        7
 Ignition                 Fire           1%         3d3       100%        8


Dungeon Overview and Level Annotations

Branches:
Dungeon (5/15)             Temple (1/1) D:4

Altars:
Ashenzari
Cheibriados
Dithmenos
Fedhas
Gozag
Hepliaklqana
Makhleb
Vehumet
Zin
The Shining One

Shops:
D:1 *   D:5 *

Annotations:
D:3 exclusions: downstairs and ogre


Innate Abilities, Weirdness & Mutations

You are a venomous arachnid creature.
You have poisonous fangs.
You are tiny and dextrous.
Your spellcasting is less reliable in this form.
Your armour is entirely melded.
You are incapable of wielding weapons or throwing items.
You cannot wear most types of armour.
((You are amphibious.))
You can wear up to eight rings at the same time.
((Your skin changes colour to match your surroundings (Stealth+).))
((Your rubbery body absorbs attacks. (AC +1, EV +1)))
((You are camouflaged when in or above water. (Stealth+)))
((You have tentacles for arms and can constrict up to eight enemies at once.))


Message History

The water moccasin closely misses you.
You closely miss the water moccasin.
The water moccasin is lightly wounded.
The water moccasin bites you.
You closely miss the water moccasin.
The water moccasin is lightly wounded.
The water moccasin completely misses you.
You hit the water moccasin.
The water moccasin is moderately wounded.
The water moccasin closely misses you. The water moccasin misses you.
You hit the water moccasin.
The water moccasin is heavily wounded.
The water moccasin barely misses you.
You hit the water moccasin.
The water moccasin is heavily wounded.
Your transformation is almost over.
The water moccasin bites you!
You are lethally poisoned!
The water moccasin poisons you!
You barely miss the water moccasin.
The water moccasin is heavily wounded.
You feel extremely sick.
The water moccasin closely misses you. x2
You hit the water moccasin but do no damage.
The water moccasin is poisoned.
The water moccasin is heavily wounded.
You feel very sick. The water moccasin bites you.
You hit the water moccasin but do no damage.
The water moccasin is heavily wounded.
* * * LOW HITPOINT WARNING * * *
You feel very sick. The water moccasin bites you.
* * * LOW HITPOINT WARNING * * *
You are more poisoned.
The water moccasin poisons you!
You bite the water moccasin!
The water moccasin is severely wounded.
You die...
Your body crumbles into a pile of gold.

.## ....## ......#
.......####
..........##
...........#
#..........########..
##..................#
##.....##..Ss......#
###..###...########
#####...## ........#
........## .....#
######...# ##.....#
##..#######.#....#
#########
##...#..........#
.≈≈≈≈≈≈≈
#.>............#


You could see a water moccasin (poisoned).

Vanquished Creatures
  A jelly (D:5)
  3 orc wizards
  3 iguanas
  8 adders
  4 gnolls
  4 dart slugs
  11 orcs
  9 ball pythons
  4 endoplasms
  4 giant cockroaches
  8 goblins
  6 hobgoblins
  3 quokkas
  5 bats
  2 frilled lizards
  7 kobolds
  7 rats
89 creatures vanquished.

Vanquished Creatures (others)
  A fungus (D:2)
  8 plants (D:2)
9 creatures vanquished.

Grand Total: 98 creatures vanquished

Notes
Turn   | Place    | Note
-------+----------+-------------------------------------------
     0 | D:1      | H0rd4k the Octopode Transmuter began the quest for the Orb.
     0 | D:1      | Reached XP level 1. HP: 13/13 MP: 3/3
    76 | D:1      | Reached XP level 2. HP: 15/18 MP: 5/5
   383 | D:1      | Found Yzio's General Store.
   863 | D:1      | Reached XP level 3. HP: 22/23 MP: 6/6
   914 | D:1      | Reached skill level 1 in Stealth
  1411 | D:2      | Identified the +0 pair of boots of the Solstice {Rampage}
  1435 | D:2      | Found a faded altar of an unknown god.
  1669 | D:2      | Reached XP level 4. HP: 18/28 MP: 7/7
  2018 | D:3      | Reached skill level 4 in Unarmed Combat
  2213 | D:3      | Noticed an ogre
  2576 | D:3      | Reached XP level 5. HP: 29/33 MP: 6/8
  3936 | D:4      | HP: 1/33 [gnoll/+0 halberd (18)]
  4234 | D:4      | Learned a level 3 spell: Spider Form
  4502 | D:4      | Reached XP level 6. HP: 26/38 MP: 7/10
  4645 | D:4      | Found a staircase to the Ecumenical Temple.
  4656 | Temple   | Entered the Ecumenical Temple
  4737 | Temple   | Became a worshipper of Gozag Ym Sagoz the Greedy
  5157 | D:4      | Reached skill level 5 in Unarmed Combat
  5418 | D:5      | Entered Level 5 of the Dungeon
  5564 | D:5      | Found Seilimoh's Lightly-Used Armoury.
  5924 | D:5      | Noticed a water moccasin
  5942 | D:5      | Succumbed to a water moccasin's poison

Illustrated notes

Levels and vault maps discovered:
D:1:      lemuel_arrival_broad_hall, layout_basic, serial_shops,
          nicolae_shop_advertising_works [nicolae_subvault_shop_adworks]
D:2:      layout_rooms, serial_forest, infiniplex_forest_straight_4,
          infiniplex_forest_clump_diagonal, infiniplex_forest_lined_3_way,
          infiniplex_forest_clump_large, infiniplex_forest_lined_1,
          shapermc_ecumenical_altar_mp_ritualfount, kennysheep_generic_room_12
D:3:      minmay_octagon_keep, layout_basic, minmay_misc_feat_ornament,
          minivault_5
D:4:      layout_loops_ring, temple_statues, kennysheep_generic_room_15
D:5:      layout_layer_cave, serial_rivers, chequers_serial_rivers_large_a,
          chequers_serial_rivers_micro_b, chequers_serial_rivers_marsh,
          chequers_serial_rivers_marsh, chequers_serial_rivers_large_b,
          chequers_serial_rivers_micro_e, minmay_shop_damaged, minmay_checkerbox
Temple:   nicolae_temple_slightly_damp_pantheon

Skill      XL: |  1  2  3  4  5  6 |
---------------+-------------------+-----
Stealth        | 1 2 3 4 |  4.3
Unarmed Combat | 4 5 |  5.2
Spellcasting   | 3 |  3.1
Fighting       | |  1.5
Dodging        | |  2.8
Transmutations | |  2.4
Poison Magic   | |  0.4

Action                   |  1- 3 |  4- 6 || total
-------------------------+-------+-------++-------
Melee: Unarmed           |    59 |   182 ||   241
       Constrict         |    18 |    39 ||    57
       Tentacles         |    19 |    24 ||    43
       Punch             |     1 |    10 ||    11
       Kick              |       |    20 ||    20
 Cast: Beastly Appendage |       |    13 ||    13
       Spider Form       |       |     4 ||     4
 Stab: Sleeping          |     9 |    10 ||    19
Armor: Skin              |     4 |     5 ||     9
Dodge: Dodged            |    28 |    90 ||   118
